 Dungeon Crawl Stone Soup version 0.32-a0-918-g0f22ef8d61 (webtiles) character file.

Game seed: 17658280157732659544

290 Fodor the Chopper (level 6, -3/53 HPs)
             Began as a Gnoll Chaos Knight on Apr 11, 2024.
             Was a Plaything of Xom.
             Slain by an orc priest
             ... wielding a +3 falchion
              (13 damage)
             ... on level 5 of the Dungeon.
             The game lasted 00:11:25 (3908 turns).

Fodor the Chopper (Gnoll Chaos Knight)              Turns: 3908, Time: 00:11:26

Health: -3/53      AC: 12    Str: 17      XL:     6   Next: 32%
Magic:  9/9        EV:  5    Int:  8 (10) God:    Xom [...*..]
Gold:   155        SH:  0    Dex: 10 (11) Spells: 9/9 levels left

rFire   + . .        a - +0 hand axe (chaos)
rCold   x . .        (no shield)
rNeg    . . .        e - +0 plate armour
rPois   +            (helmet restricted)
rElec   .            (no cloak)
rCorr   .            (no gloves)
SInv    .            (no boots)
Will    .....        (no amulet) Stlth
                     l - ring of fire
HPRegen 0.28/turn    g - ring of poison resistance
MPRegen 0.11/turn

%: no passive effects
@: no status effects
A: fangs 1, strong nose, distributed training, antennae 2, claws 1,
deterioration 1, screaming 1, strong 1
a: Renounce Religion


You were on level 5 of the Dungeon.
You worshipped Xom.
You were a favourite toy of Xom.
You visited 1 branch of the dungeon, and saw 5 of its levels.

You collected 155 gold pieces.

Inventory:

Hand Weapons
 a - a +0 hand axe of chaos (weapon)
 n - a +3 quarterstaff of chaos
Armour
 b - a +2 leather armour
 e - a +0 plate armour (worn)
 o - a +0 cloak
Jewellery
 g - a ring of poison resistance (right claw)
 l - a ring of fire (left claw)
Wands
 s - a wand of polymorph (9)
Scrolls
 c - a scroll of identify
 f - a scroll of vulnerability {unknown}
 j - a scroll of brand weapon
 p - 2 scrolls of fog
 u - a scroll of torment
 v - 2 scrolls of enchant weapon
 w - a scroll of immolation {unknown}
Potions
 d - a potion of might {unknown}
 h - a potion of magic {unknown}
 i - a potion of haste {unknown}
 k - a potion of ambrosia {unknown}
 m - 2 potions of curing {unknown}
 q - a potion of lignification {unknown}
 r - 4 potions of heal wounds {unknown}
 t - a potion of enlightenment {unknown}


   Skills:
 + Level 6.8 Fighting
 + Level 2.0 Short Blades
 + Level 2.0 Long Blades
 + Level 6.8 Axes
 + Level 2.0 Maces & Flails
 + Level 2.0 Polearms
 + Level 2.0 Staves
 + Level 2.0 Ranged Weapons
 + Level 2.0 Throwing
 + Level 5.0 Armour
 + Level 3.2 Dodging
 + Level 2.0 Stealth
 + Level 2.0 Shields
 + Level 2.0 Unarmed Combat
 + Level 2.0 Spellcasting
 + Level 1.5 Conjurations
 + Level 1.5 Hexes
 + Level 1.5 Summonings
 + Level 1.5 Necromancy
 + Level 1.5 Translocations
 + Level 1.5 Fire Magic
 + Level 1.5 Ice Magic
 + Level 1.5 Air Magic
 + Level 1.5 Earth Magic
 + Level 1.5 Alchemy
 + Level 2.2 Invocations
 + Level 2.0 Evocations
 + Level 1.8 Shapeshifting


You had 9 spell levels left.
You didn't know any spells.
Your spell library contained the following spells:

 Spells                   Type           Power      Damage    Failure   Level
 Kiss of Death            Conj/Necr      12%        2d6       100%        1
 Confusing Touch          Hex            3%         N/A       100%        3
 Dispel Undead            Necr           3%         3d7       100%        4


Dungeon Overview and Level Annotations

Branches:
Dungeon (5/15)
 Temple: D:4-7

Altars:
Ashenzari
Dithmenos
Gozag
Hepliaklqana
Qazlal
Ru
Uskayaw
Xom
The Shining One


Innate Abilities, Weirdness & Mutations

You have very sharp teeth.
Your uncanny sense of smell can sniff out nearby items.
Your experience applies equally to all skills.
You have a pair of antennae on your head.
You have sharp fingernails.
Your body sometimes deteriorates upon taking damage.
You occasionally shout uncontrollably at your foes.
Your muscles are strong. (Str +4, Int/Dex -1)


Message History

The orc is moderately wounded.
The orc hits you but does no damage.
You barely miss the orc.
The orc is moderately wounded.
You barely miss the orc priest. You hit the orc but do no damage.
The orc is moderately wounded.
You barely miss the orc priest.
The orc priest hits you with a +3 falchion.
Your body deteriorates!
You feel dopey.
You emit a cloud of colourful smoke!
The orc hits you but does no damage.
You hit the orc.
You kill the orc!
You hit the orc priest.
The orc priest convulses.
The orc priest hits you but does no damage.
The orc priest hits you with a +3 falchion.
Things that are here:
a +0 whip of holy wrath; a +0 club; an orc corpse
Found 5 boomerangs.
The orc priest invokes the aid of Beogh against you.
Pain shoots through your body!
You emit a cloud of colourful smoke!
You hit the orc priest. You burn the orc priest.
The orc priest is moderately wounded.
The orc priest mumbles some strange prayers to Beogh against you.
Beogh smites you!
* * * LOW HITPOINT WARNING * * *
Your body deteriorates!
You feel clumsy.
You hit the orc priest.
The orc priest is heavily wounded.
The orc priest mumbles some strange prayers to Beogh against you.
Pain shoots through your body!
* * * LOW HITPOINT WARNING * * *
You hit the orc priest.
The orc priest flies into a frenzy!
Your bite misses the orc priest.
The orc priest is severely wounded.
The orc priest closely misses you.
The orc priest hits you with a +3 falchion!
You die...

##### ###... #
#.$..#.#
#.###.#..#.#
......§@§.>#
#####(#§o#.#
...#§§# #
..##.#§.#.####
#.
#..........# #
#...<...##.#
#.###....# #$
#...# ∆ . ...#


You could see a neutral orc priest (fast, strong, frenzied).

Vanquished Creatures
  An ogre (D:4)
  A jelly (D:4)
  Crazy Yiuf (D:2)
  A gnoll (D:1)
  6 adders
  4 dart slugs
  2 ribbon worms
  3 orcs
  3 ball pythons
  6 bats
  2 endoplasms
  6 giant cockroaches
  7 goblins
  9 hobgoblins
  3 jackals (D:2)
  10 kobolds
  6 quokkas
  2 frilled lizards (D:2)
  5 rats
78 creatures vanquished.

Notes
Turn   | Place    | Note
-------+----------+-------------------------------------------
     0 | D:1      | Fodor the Gnoll Chaos Knight began the quest for the Orb.
     0 | D:1      | Reached XP level 1. HP: 23/23 MP: 1/1
    47 | D:1      | Reached XP level 2. HP: 21/29 MP: 2/2
   114 | D:1      | XOM: potion effect (berserk rage)
   324 | D:1      | XOM: silly message
   342 | D:1      | Reached XP level 3. HP: 25/35 MP: 3/3
   451 | D:1      | XOM: summons 2 hostile demons
   561 | D:1      | XOM: stat loss: -1 Int (10/11)
   767 | D:1      | Reached skill level 1 in Invocations
   794 | D:1      | XOM: divination: magic mapping
   942 | D:2      | Found a faded altar of an unknown god.
   954 | D:2      | Reached skill level 1 in Short Blades
   954 | D:2      | Reached skill level 1 in Long Blades
   954 | D:2      | Reached skill level 1 in Maces & Flails
   954 | D:2      | Reached skill level 1 in Polearms
   954 | D:2      | Reached skill level 1 in Staves
   954 | D:2      | Reached skill level 1 in Ranged Weapons
   954 | D:2      | Reached skill level 1 in Throwing
   954 | D:2      | Reached skill level 1 in Stealth
   954 | D:2      | Reached skill level 1 in Shields
   954 | D:2      | Reached skill level 1 in Unarmed Combat
   954 | D:2      | Reached skill level 1 in Spellcasting
   954 | D:2      | Reached skill level 1 in Evocations
  1073 | D:2      | Found a hazy altar of Hepliaklqana.
  1082 | D:2      | XOM: god gift: scroll labelled RUMUOWEUPU {god gift}
  1150 | D:2      | Reached skill level 1 in Shapeshifting
  1150 | D:2      | Reached XP level 4. HP: 41/41 MP: 5/5
  1261 | D:2      | XOM: scenery: create altars
  1511 | D:2      | XOM: give mutations
  1511 | D:2      | Gained mutation: Armour fits poorly on your strangely
                  | shaped body. [Xom's mischief]
  1511 | D:2      | Gained mutation: Your muscles are strong. (Str +4, Int/Dex
                  | -1) [Xom's mischief]
  1511 | D:2      | Gained mutation: You occasionally shout uncontrollably at
                  | your foes. [Xom's mischief]
  1593 | D:2      | Found a runed translucent door.
  1594 | D:2      | Noticed Crazy Yiuf
  1645 | D:2      | Reached skill level 1 in Conjurations
  1645 | D:2      | Reached skill level 1 in Hexes
  1645 | D:2      | Reached skill level 1 in Summonings
  1645 | D:2      | Reached skill level 1 in Necromancy
  1645 | D:2      | Reached skill level 1 in Translocations
  1645 | D:2      | Reached skill level 1 in Fire Magic
  1645 | D:2      | Reached skill level 1 in Ice Magic
  1645 | D:2      | Reached skill level 1 in Air Magic
  1645 | D:2      | Reached skill level 1 in Earth Magic
  1645 | D:2      | Reached skill level 1 in Alchemy
  1836 | D:2      | XOM: give mutations
  1836 | D:2      | Gained mutation: You have sharp fingernails. [Xom's grace]
  1836 | D:2      | Gained mutation: You have a pair of small antennae on your
                  | head. [Xom's grace]
  1869 | D:2      | XOM: enchant monster (good)
  1873 | D:2      | Killed Crazy Yiuf
  1874 | D:2      | Reached XP level 5. HP: 15/47 MP: 5/7
  1912 | D:2      | XOM: god gift: plate armour {god gift}
  2222 | D:3      | XOM: god gift: fuming sapphire potion {god gift}
  2340 | D:3      | XOM: give mutation
  2340 | D:3      | Gained mutation: You have a pair of antennae on your head.
                  | [Xom's grace]
  2444 | D:3      | XOM: chaos upgrade
  2691 | D:3      | Found a broken altar of Ashenzari.
  2692 | D:3      | XOM: enchant monster (good)
  2693 | D:3      | Found an opulent altar of Gozag.
  2694 | D:3      | Found a stormy altar of Qazlal.
  2694 | D:3      | Found a sacrificial altar of Ru.
  2694 | D:3      | Found a glowing golden altar of the Shining One.
  3028 | D:3      | XOM: give mutations
  3028 | D:3      | Lost mutation: Armour fits poorly on your strangely shaped
                  | body. [Xom's mischief]
  3028 | D:3      | Gained mutation: Your body sometimes deteriorates upon
                  | taking damage. [Xom's mischief]
  3320 | D:4      | Found a hide-covered altar of Uskayaw.
  3622 | D:4      | Noticed an ogre
  3627 | D:4      | XOM: divination: detect items
  3632 | D:4      | Killed an ogre
  3633 | D:4      | Reached skill level 5 in Armour
  3633 | D:4      | Reached XP level 6. HP: 31/53 MP: 7/9
  3725 | D:4      | Found a shadowy altar of Dithmenos.
  3892 | D:5      | Entered Level 5 of the Dungeon
  3896 | D:5      | XOM: summons friendly shadow imp
  3902 | D:5      | XOM: smoke on damage
  3905 | D:5      | XOM: smoke on damage
  3908 | D:5      | Slain by an orc priest

Illustrated notes

Levels and vault maps discovered:
D:1:      noname_arrival_rooms_in_the_neighbourhood, layout_rooms,
          serial_aquarium, aquarium_bridge_island_large
          [aquarium_subvault_large_water, aquarium_subvault_wall,
          aquarium_subvault_wall, aquarium_subvault_balcony,
          aquarium_subvault_bridge], aquarium_bridge_long_separate
          [aquarium_subvault_bridge, aquarium_subvault_bridge,
          aquarium_subvault_wall, aquarium_subvault_bridge,
          aquarium_subvault_bridge, aquarium_subvault_bridge],
          aquarium_window_2, aquarium_window_3, aquarium_view_2c,
          aquarium_balcony_5b
D:2:      layout_basic, shapermc_ecumenical_altar_mp_ritualfount, basic_altar,
          columned_hall_lemuel, uniq_crazy_yiuf_cottage
D:3:      layout_loops_corners, grunt_temple_overflow_open
D:4:      layout_loops_cross, nicolae_dithmenos_through_a_glass_darkly,
          nicolae_uskayaw_suspiria
D:5:      layout_basic, xom_teletrap_fun, lemuel_crystal_altar,
          amcnicky_altar_gilded, nicolae_ossuary_entry_plus, uniq_eustachio,
          uniq_grinder

Skill      XL: |  1  2  3  4  5 |
---------------+----------------+-----
Invocations    | 1 2 |  2.2
Short Blades   | 1 2 |  2.0
Long Blades    | 1 2 |  2.0
Maces & Flails | 1 2 |  2.0
Polearms       | 1 2 |  2.0
Staves         | 1 2 |  2.0
Ranged Weapons | 1 2 |  2.0
Throwing       | 1 2 |  2.0
Stealth        | 1 2 |  2.0
Shields        | 1 2 |  2.0
Unarmed Combat | 1 2 |  2.0
Spellcasting   | 1 2 |  2.0
Evocations     | 1 2 |  2.0
Shapeshifting  | 1 |  1.8
Conjurations   | 1 |  1.5
Hexes          | 1 |  1.5
Summonings     | 1 |  1.5
Necromancy     | 1 |  1.5
Translocations | 1 |  1.5
Fire Magic     | 1 |  1.5
Ice Magic      | 1 |  1.5
Air Magic      | 1 |  1.5
Earth Magic    | 1 |  1.5
Alchemy        | 1 |  1.5
Dodging        | 3 |  3.2
Armour         | 5 |  5.0
Fighting       | |  6.8
Axes           | |  6.8

Action                     |  1- 3 |  4- 6 || total
---------------------------+-------+-------++-------
  Melee: Hand axe          |    79 |   157 ||   236
         Bite              |     4 |    10 ||    14
    Use: Scroll            |       |     5 ||     5
   Stab: Confused          |       |     2 ||     2
 Armour: Leather armour    |    15 |       ||    15
         Plate armour      |    84 |   129 ||   213
  Dodge: Dodged            |    34 |    37 ||    71

Table legend: (Time is in decaauts)
 A = Elapsed time spent in this place.
 B = Non-inter-level travel time spent in this place.
 C = Inter-level travel time spent in this place.
 D = Time resting spent in this place.
 E = Time spent auto-exploring this place.
 F = Levels seen in this place.
 G = Mean time per level.
                   A        B        C        D        E       F      G
               +--------+--------+--------+--------+--------+-----+--------+
         Total |   3911 |   3846 |     65 |     76 |   2710 |   5 |  782.2 |
       Dungeon |   3911 |   3846 |     65 |     76 |   2710 |   5 |  782.2 |
               +--------+--------+--------+--------+--------+-----+--------+

Top non-repeatable levels by time:
     D:3: 1057 daAuts
     D:2: 1052 daAuts
     D:1: 947 daAuts
     D:4: 838 daAuts
     D:5: 15 daAuts
